[Event "Championnat du monde jeunes U12"]
[Date "2024.11.26"]
[White "Bocquenet-Drouode, Hugo"]
[Black "Mai, Duc Kien"]
[WhiteElo "2002"]
[BlackElo "1771"]
[Round "11.28"]
[Result "1/2-1/2"]
[TimeControl "5400+30"]

1. d4 Nf6 2. Nc3 d5 3. Bf4 e6 4. Nb5 Na6 5. e3 c6 6. Nc3 Bd6 7. Bxd6 Qxd6 8. Bxa6 bxa6 9. Na4 e5 10. dxe5 Qxe5 11. Nf3 Qd6 12. Qd4 O-O 13. O-O Bg4 14. Ne5 Bf5 15. Rac1 Rfe8 16. Nd3 Nd7 17. Nac5 Rac8 18. Nxd7 Bxd7 19. b4 a5 20. a3 axb4 21. axb4 Rc7 22. Nc5 Qe5 23. Rfd1 Qxd4 24. Rxd4 Be6 25. Ra1 Kf8 26. Ra5 Ke7 27. Rd1 h6 28. Rda1 Ra8 29. c3 Kd6 30. Nb3 Bd7 31. Rc5 g6 32. Nd4 Rb8 33. Kf1 Rbb7 34. Nb3 Rb5 35. h3 Rxc5 36. Nxc5 h5 37. Ke2 Bf5 38. Ra5 Re7 39. Nb3 Rc7 40. Nd4 Bd7 41. Ra6 Ke7 42. Nb3 c5 43. Ra5 cxb4 44. cxb4 Kd6 45. Nd4 Rb7 46. Ra6+ Ke7 47. Kf3 Rxb4 48. Rxa7 Kd6 49. Ra6+ Ke7 50. g4 hxg4+ 51. hxg4 g5 52. Rh6 Rb1 53. Rh5 Kf6 54. Rh6+ Ke7 55. Ne2 Rb4 56. Nd4 Rb1 57. Nc6+ Bxc6 58. Rxc6 Rb3 59. Ra6 d4 60. Ra5 dxe3 61. fxe3 Kf6 62. Rf5+ Kg6 63. Rd5 Rb4 64. Rd4 Rxd4 65. exd4 f5 66. gxf5+ Kxf5 67. Ke3 g4 68. d5 Ke5 69. d6 Kxd6 70. Kf4 Ke6 71. Kxg4 Ke5 1/2-1/2

[Variant "Standard"]
[Site "Europe Echecs"]

[Event "Championnat du monde jeunes U12"]
[Date "2024.11.26"]
[White "Radnaev, Leo"]
[Black "Dauren, Darmen"]
[WhiteElo "1990"]
[BlackElo "1820"]
[Round "11.29"]
[Result "0-1"]
[TimeControl "5400+30"]

1. e4 c6 2. d4 d5 3. exd5 cxd5 4. Bd3 Nc6 5. c3 Qc7 6. h3 g6 7. Nf3 Bf5 8. Bxf5 gxf5 9. Bg5 e6 10. Qc1 Bd6 11. O-O Nge7 12. Ne1 O-O-O 13. Nd3 Rhg8 14. Kh1 Rde8 15. Na3 a6 16. b4 b6 17. Bf4 Bxf4 18. Nxf4 Na7 19. Qd2 Kb7 20. Rfc1 Nb5 21. Nb1 Nd6 22. Nd3 Rg6 23. Qf4 Nc4 24. Qxc7+ Kxc7 25. Rd1 Nc8 26. Nd2 N8d6 27. Nxc4 Nxc4 28. g3 Ra8 29. a4 a5 30. Rdb1 Rgg8 31. Kg2 Ra7 32. Ne5 Nxe5 33. dxe5 Rc8 34. Ra3 Kb7 35. Kf3 Rc4 36. bxa5 Rxa5 37. Rab3 Rc6 38. Ra1 Rac5 39. Raa3 Ka6 40. Ke3 Rc4 41. f3 h5 42. Kd3 h4 43. g4 fxg4 44. hxg4 Rf4 45. Ke3 Rfc4 46. Kd3 f6 47. exf6 Rf4 48. Ke3 e5 49. g5 Rf5 50. Rb4 Rxg5 51. Rxh4 Rxf6 52. Rh3 Rf4 53. Ra2 Rc4 54. Kd3 Rf5 55. Rb2 Rxf3+ 56. Rxf3 e4+ 57. Ke2 exf3+ 58. Kxf3 Rxc3+ 59. Ke2 Rc4 60. Rb5 d4 61. Kd3 Rxa4 62. Rd5 b5 63. Rd8 Ka5 64. Rb8 Rc4 65. Ra8+ Kb4 66. Ra1 Kc5 67. Ra8 Rc3+ 68. Kd2 b4 69. Rd8 Kc4 70. Rc8+ Kb3 71. Rd8 d3 72. Rd4 Ka3 73. Re4 Rc8 74. Kxd3 b3 75. Re7 Ka2 76. Ra7+ Kb1 77. Kd2 b2 78. Ra6 Rd8+ 79. Ke2 Rd5 80. Ke3 Kc2 81. Rc6+ Kb3 82. Rb6+ Kc3 83. Ke2 Rd4 84. Rc6+ Rc4 85. Rb6 Rb4 86. Rc6+ Kb3 87. Rd6 b1=Q 88. Rd3+ Ka4 89. Kd2 Rb2+ 90. Ke3 Qe1+ 91. Kd4 Rb4+ 92. Kd5 Qe4+ 93. Kc5 Qxd3 94. Kc6 Ka5 95. Kc7 Ka6 96. Kc8 Ka7 97. Kc7 Rc4# 0-1

[Variant "Standard"]
[Site "Europe Echecs"]

[Event "Championnat du monde jeunes U12"]
[Date "2024.11.26"]
[White "Farzaleev, Daniyar"]
[Black "El Zein, Bassam"]
[WhiteElo "1622"]
[BlackElo "1947"]
[Round "11.30"]
[Result "0-1"]
[TimeControl "5400+30"]

1. d4 d5 2. Nf3 Nc6 3. g3 Bf5 4. Bg2 Nb4 5. Na3 e6 6. O-O Nc6 7. b3 Nf6 8. c4 Be4 9. Bb2 Be7 10. Nb5 Ng4 11. cxd5 exd5 12. h3 Nh6 13. Nc3 f5 14. Ne1 Bxg2 15. Nxg2 Bf6 16. e3 Ne7 17. Nf4 Qd7 18. Qe2 c6 19. Na4 b6 20. Ba3 O-O 21. Rac1 Rac8 22. Rc2 Rc7 23. Rfc1 Rfc8 24. Nb2 Ng6 25. Nxg6 hxg6 26. Nd3 Nf7 27. Kg2 Re8 28. Qd1 Ng5 29. Bb2 Qe6 30. Ne5 Bxe5 31. dxe5 Rd8 32. b4 d4 33. exd4 Qxa2 34. h4 Qd5+ 35. f3 Ne6 36. Qf1 b5 37. Qf2 Rdc8 38. Qe3 Rf7 39. Kh3 g5 40. f4 gxf4 41. gxf4 Qe4 42. Qxe4 fxe4 43. Re1 Nxf4+ 44. Kh2 Nd3 45. Rxe4 Nxb4 46. Rg2 Nd5 47. Bc1 Re7 48. Reg4 Rcc7 49. h5 c5 50. Bg5 Re6 51. dxc5 Rxe5 52. h6 Kh7 53. Rh4 g6 54. Bd8 Rxc5 55. Ba5 Ne3 56. Rf2 Nf5 57. Rh3 Rc4 58. Rd2 Re7 59. Bd8 Rf7 60. Bf6 Rc6 61. Bb2 Rfc7 0-1

[Variant "Standard"]
[Site "Europe Echecs"]

[Event "Championnat du monde jeunes U12"]
[Date "2024.11.26"]
[White "Matejka, Simon"]
[Black "Le, Anh Tu"]
[WhiteElo "1924"]
[BlackElo "1812"]
[Round "11.31"]
[Result "0-1"]
[TimeControl "5400+30"]

1. e4 c5 2. Nf3 d6 3. c3 Nf6 4. Be2 g6 5. Qc2 Bg7 6. h3 O-O 7. d4 cxd4 8. cxd4 Nc6 9. Nc3 d5 10. e5 Ne4 11. Be3 Bf5 12. Qb3 Rc8 13. O-O Nxc3 14. bxc3 Na5 15. Qb2 Qb6 16. Qxb6 axb6 17. Bd2 Nc4 18. Bxc4 Rxc4 19. g4 Bd3 20. Rfc1 Ra4 21. Ne1 Bc4 22. Rcb1 b5 23. Nc2 f6 24. exf6 Bxf6 25. g5 Bg7 26. Nb4 e5 27. dxe5 Bxe5 28. Re1 Bg7 29. Nc2 Bxa2 30. Re7 Bb3 31. Rxa4 bxa4 32. Nd4 Ra8 33. Rxb7 Bc4 34. Nc2 a3 35. Bc1 a2 36. Bb2 Re8 37. Ne3 Ra8 38. Nc2 Bd3 39. Na1 Re8 40. Kg2 d4 41. Ra7 dxc3 42. Bxc3 Bxc3 43. Rxa2 Be4+ 44. f3 Ra8 45. Rxa8+ Bxa8 46. Nc2 Kf7 47. Ne3 Ke6 48. Kg3 Bd2 49. Nc2 Bxg5 50. Nd4+ Ke5 51. Ne2 Bd2 52. h4 Bd5 53. f4+ Ke4 54. h5 gxh5 55. Kh4 Bf7 56. Ng3+ Kf3 57. Nxh5 h6 58. Ng7 Bc3 59. Nf5 Bf6+ 0-1

[Variant "Standard"]
[Site "Europe Echecs"]

[Event "Championnat du monde jeunes U12"]
[Date "2024.11.26"]
[White "Padure, Dragos-Alexandru"]
[Black "Ivancic, Ivan"]
[WhiteElo "1822"]
[BlackElo "2091"]
[Round "11.32"]
[Result "0-1"]
[TimeControl "5400+30"]

1. e4 c5 2. Nf3 Nc6 3. d4 cxd4 4. Nxd4 Nf6 5. Nc3 d6 6. Bg5 e6 7. Qd2 a6 8. O-O-O Be7 9. f4 Bd7 10. Nf3 b5 11. a3 h6 12. Bxf6 Bxf6 13. Qxd6 Be7 14. Qd3 Qc7 15. g3 Rd8 16. Nb1 O-O 17. Bg2 b4 18. Nfd2 Na5 19. axb4 Bxb4 20. Nc3 Rc8 21. Ndb1 Rfd8 22. Qe2 Nc4 23. Rd3 Qb6 24. b3 Na3 25. Rhd1 Qa5 26. Qe3 Nxb1 27. Nxb1 Rxc2+ 28. Kxc2 Qa2+ 29. Kc1 Rc8+ 30.
Rc3 Rxc3+ 31. Qxc3 Bxc3 32. Nxc3 Qxg2 33. Rxd7 Qxh2 34. Rd3 h5 35. b4 h4 36. gxh4 Qxf4+ 37. Kc2 Qxh4 38. Re3 g5 39. Kd3 g4 40. Ne2 Qd8+ 41. Kc2 Qd6 42. Rb3 f5 43. exf5 exf5 44. b5 Qc5+ 45. Nc3 Qf2+ 46. Kd3 axb5 0-1

[Variant "Standard"]
[Site "Europe Echecs"]

[Event "Championnat du monde jeunes U12"]
[Date "2024.11.26"]
[White "Shilon Rahav, Eliran"]
[Black "Aadik Theophane Lenin"]
[WhiteElo "2150"]
[BlackElo "1857"]
[Round "11.33"]
[Result "1-0"]
[TimeControl "5400+30"]

1. e4 c5 2. Nf3 e6 3. g3 Nc6 4. Bg2 Nf6 5. Qe2 e5 6. O-O Be7 7. Nc3 d6 8. d3 h6 9. Be3 O-O 10. Nd5 Be6 11. Nh4 Qd7 12. f4 exf4 13. Nxe7+ Qxe7 14. Rxf4 d5 15. exd5 Nxd5 16. Bxd5 Bxd5 17. Nf5 Qe5 18. Qh5 Be6 19. Ne7+ Kh7 20. Qxe5 Nxe5 21. Bxc5 Rfd8 22. d4 Nd7 23. Ba3 g5 24. Rf2 Nb6 25. Rd1 Nc4 26. Bb4 a5 27. Bc3 Rd7 28. d5 Ne3 29. Re1 Nxd5 30. Rxe6 Nf4 31. Rf6 Rxe7 32. gxf4 g4 33. Rd2 Rae8 34. Rdd6 Re6 35. Rxf7+ Kg8 36. Rg7+ Kf8 37. Rdd7 R6e7 38. Rdxe7 Rxe7 39. Rxe7 Kxe7 40. Bxa5 1-0

[Variant "Standard"]
[Site "Europe Echecs"]

[Event "Championnat du monde jeunes U12"]
[Date "2024.11.26"]
[White "Belin, Anton"]
[Black "Liu, Richard Jingjie"]
[WhiteElo "2138"]
[BlackElo "1795"]
[Round "11.34"]
[Result "1-0"]
[TimeControl "5400+30"]

1. e4 e5 2. Nf3 Nc6 3. Bb5 Bc5 4. c3 Nf6 5. O-O O-O 6. d4 exd4 7. cxd4 Bb4 8. d5 Ne7 9. Qd4 Ba5 10. Bg5 Bb6 11. Qd3 c6 12. d6 Ng6 13. Bc4 h6 14. e5 hxg5 15. Qxg6 Nd5 16. Bxd5 cxd5 17. Qh5 f6 18. Nc3 Qe8 19. Qxe8 Rxe8 20. Nxd5 Bd8 21. exf6 gxf6 22. Rfe1 Re6 23. Nc7 Bxc7 24. dxc7 d5 25. Nd4 Rxe1+ 26. Rxe1 a6 27. Re8+ Kf7 28. Rd8 b5 29. Nf5 Ke6 30. g4 b4 31. f3 a5 32. Kf2 a4 33. Ke3 b3 34. a3 Ra7 35. Rxc8 Kd7 36. Rh8 Rxc7 37. Rh7+ Kd8 38. Rxc7 Kxc7 39. Kd4 Kc6 40. Ne7+ 1-0

[Variant "Standard"]
[Site "Europe Echecs"]

[Event "Championnat du monde jeunes U12"]
[Date "2024.11.26"]
[White "Obidov, Biloliddin"]
[Black "Kozhedub, Ivan"]
[WhiteElo "2088"]
[BlackElo "1826"]
[Round "11.35"]
[Result "0-1"]
[TimeControl "5400+30"]

1. e4 c5 2. Nf3 g6 3. c4 Nf6 4. Nc3 Nc6 5. d4 cxd4 6. Nxd4 Nxd4 7. Qxd4 d6 8. f3 Bg7 9. Be3 O-O 10. Qd2 a5 11. b3 a4 12. b4 a3 13. Be2 Be6 14. Rc1 Nd7 15. O-O Nb6 16. Nb5 Bb2 17. Rc2 Rc8 18. Bxb6 Qxb6+ 19. Kh1 Rc6 20. Bd3 Rfc8 21. Qe2 Qa6 22. f4 f6 23. c5 Qa4 24. f5 Bf7 25. e5 Bxe5 26. fxg6 hxg6 27. Qg4 Kg7 28. Qd7 R6c7 29. Qg4 Rxc5 30. Rxc5 Rxc5 31. Qd7 Qxb4 32. Nc7 Rxc7 33. Qxc7 Qh4 34. h3 Qg3 35. Kg1 Qe3+ 36. Kh1 Qxd3 37. Rc1 Bf4 38. Qc3 Qd2 39. Qxd2 Bxd2 40. Rc2 Bb4 41. Rc7 Bxa2 42. Rxe7+ Bf7 43. Rxb7 a2 0-1

[Variant "Standard"]
[Site "Europe Echecs"]

[Event "Championnat du monde jeunes U12"]
[Date "2024.11.26"]
[White "Lee, Tsuen Jin Aiesec"]
[Black "Vaidyanathan, Adithya"]
[WhiteElo "1806"]
[BlackElo "2018"]
[Round "11.36"]
[Result "0-1"]
[TimeControl "5400+30"]

1. e4 c5 2. Nf3 Nc6 3.
Bc4 Nf6 4. Qe2 e6 5. O-O Be7 6. Nc3 d5 7. exd5 exd5 8. Bb5 O-O 9. Rd1 a6 10. Bxc6 bxc6 11. d3 Bg4 12. h3 Bh5 13. Re1 Bd6 14. Bg5 h6 15. Bh4 g5 16. Bg3 Re8 17. Qd2 Bxf3 18. Rxe8+ Nxe8 19. gxf3 Qf6 20. Kg2 Ng7 21. Rg1 Rb8 22. b3 Nf5 23. Ne2 Re8 24. f4 Qe6 25. Nc3 Nh4+ 26. Bxh4 Bxf4 27. Qd1 gxh4 28. Qh5 Kh7 29. Qf3 Qg6+ 30. Kh1 Qf6 31. Qg4 Bg5 32. Nd1 Re5 33. c3 Qe6 34. Qg2 Re1 35. Qf3 Re5 36. Qg2 Re2 37. a4 Qf5 38. c4 Qxd3 39. Ne3 d4 40. Qf3 Kg8 41. Qxc6 dxe3 42. Qe8+ Kg7 43. Qe5+ Kh7 44. f4 Bf6 45. Qe8 Bg7 0-1

[Variant "Standard"]
[Site "Europe Echecs"]

[Event "Championnat du monde jeunes U12"]
[Date "2024.11.26"]
[White "Rueda Ahumada, Gabriel Omar"]
[Black "Nguyen Le Nguyen"]
[WhiteElo "1928"]
[BlackElo "1782"]
[Round "11.37"]
[Result "1/2-1/2"]
[TimeControl "5400+30"]

1. d4 Nf6 2. c4 c5 3. d5 b5 4. cxb5 a6 5. bxa6 Bxa6 6. Nc3 g6 7. Nf3 d6 8. Bg5 Bg7 9. Qc2 O-O 10. g3 Qa5 11. Bd2 Nbd7 12. e4 Rfb8 13. Na4 Bd3 14. Bxd3 Qxa4 15. Bc3 Qxc2 16. Bxc2 Nb6 17. Nd2 e6 18. dxe6 fxe6 19. O-O d5 20. Be5 Rb7 21. exd5 exd5 22. b3 Re7 23. f4 Ng4 24. Nf3 Bxe5 25. Nxe5 Nxe5 26. fxe5 Rxe5 27. Rf2 Nc8 28. a4 Ne7 29. Kf1 Nc6 30. Re1 Rf8 31. Rxe5 Nxe5 32. Ke2 Rxf2+ 33. Kxf2 Kf7 34.
Ke3 Ke6 35. Kf4 Nc6 36. h4 Nd4 37. Bd1 Kf6 38. Bf3 Ke6
39. Bd1 Kf6 40. Bf3 Ne6+ 41. Ke3 Ke5 42. a5 Nd4 43. Bd1 Kd6 44. g4 h6 45. b4 g5 46. hxg5 hxg5 47. bxc5+ Kxc5 48. a6 Nc6 49. Ba4 Na7 50. Bd7 Kd6 51. Ba4 Kc5 52. Kd3 Nc8 53. Bd7 Na7 54. Kc3 Kd6 55. Be8 Kc5 56. Kd3 Nc8 1/2-1/2

[Variant "Standard"]
[Site "Europe Echecs"]

[Event "Championnat du monde jeunes U12"]
[Date "2024.11.26"]
[White "Konstantinides, Savvas"]
[Black "Yin, Milo"]
[WhiteElo "1839"]
[BlackElo "1925"]
[Round "11.38"]
[Result "0-1"]
[TimeControl "5400+30"]

1. e4 e5 2. Nf3 Nc6 3. Bb5 a6 4. Ba4 Nf6 5. O-O Be7 6. Re1 b5 7. Bb3 O-O 8. a4 Bb7 9. d3 d6 10. Nbd2 Na5 11. Ba2 c5 12. Nf1 Qc7 13. Ng3 Rfc8 14. Nf5 Bf8 15. Bg5 Ne8 16. N3h4 c4 17. Qg4 d5 18. d4 dxe4 19. dxe5 Kh8 20. Bf4 Qb6 21. Re3 Rd8 22. Rg3 Bc8 23. Be3 Qc6 24. Qg5 Bxf5 25. Qxf5 Rd7 26. Qg4 b4 27. c3 Qxa4 28. h3 b3 29. e6 Nf6 30. Qg5 h6 31. Qf5 Rd5 32. Ng6+ fxg6 33. Qxg6 Qe8 34. e7 Qxe7 35. Bb1 Nc6 36. Bf4 Ne5 37. Bxe5 Qxe5 38. Qf7 Rd1+ 39. Kh2 Nh5 40. Bxe4 Nxg3 41. fxg3 Rxa1 42. Qg6 Kg8 43. Qh7+ Kf7 44. Qg6+ Ke7 45. Bxa8 Qe1 46. g4 Qe5+ 47. g3 Qe3 48. h4 Rg1 49. Bg2 Re1 50. Qc6 Re2 51. Kh3 Qf2 52. Qc7+ Kf6 53. Qc6+ Re6 54. g5+ hxg5 55. hxg5+ Kf7 56. Bd5 Qf5+ 57. g4 Qf1+ 58. Kg3 Qg1+ 59. Kh3 Qe3+ 60. Kg2 Qd2+ 61. Kh1 Qc1+ 62. Kh2 Qxb2+ 63. Kh1 Qc1+ 64.
Kh2 Qd2+ 65. Kh1 Qd1+ 66. Kh2 Qd2+ 67.
Kh1 Qe1+ 68. Kg2 Qe2+ 69. Kh1 b2 70.
Bxe6+ Qxe6 71. Qb7+ Kg8 72. Qxb2 Qe4+ 73. Kh2 Bd6+ 74. Kg1 Bc5+ 75. Kh2 Qf4+ 76. Kh3 Qf1+ 77. Kg3 Bd6+ 0-1

[Variant "Standard"]
[Site "Europe Echecs"]

[Event "Championnat du monde jeunes U12"]
[Date "2024.11.26"]
[White "Hallmundarson, Birkir"]
[Black "Ilcic, Aleksa"]
[WhiteElo "1914"]
[BlackElo "1757"]
[Round "11.39"]
[Result "1-0"]
[TimeControl "5400+30"]

1. Nf3 Nf6 2. d4 g6 3. Bg5 Bg7 4. Nbd2 O-O 5. e4 d6 6. c3 Nbd7 7. Bc4 h6 8. Bh4 Qe8 9. e5 Nh7 10. e6 fxe6 11. Bxe6+ Kh8 12. O-O g5 13. Bg3 Qg6 14. Re1 Ndf6 15. Bxc8 Raxc8 16. Rxe7 Nd5 17. Re1 Nf4 18. Qb1 Qh5 19. Qc2 g4 20. Nh4 Bf6 21. Nf5 Bg5 22. Ne3 Nf6 23. Ne4 Nxe4 24. Qxe4 c6 25. d5 c5 26. Rad1 Rce8 27. Qc2 b5 28. c4 b4 29. Qa4 Qf7 30. Qc6 Nh5 31. Qxd6 Nxg3 32. Qxg3 Bf4 33. Qh4 Bg5 34. Qg3 Bf4 35. Qxg4 Bxe3 36. fxe3 Qf2+ 37. Kh1 Rxe3 38. Rg1 Kh7 39. d6 Rg8 40. Qxg8+ Kxg8 41. d7 1-0

[Variant "Standard"]
[Site "Europe Echecs"]

[Event "Championnat du monde jeunes U12"]
[Date "2024.11.26"]
[White "Yusupov, Rauf"]
[Black "Tona, Leonardo"]
[WhiteElo "1763"]
[BlackElo "1906"]
[Round "11.40"]
[Result "0-1"]
[TimeControl "5400+30"]

1. d4 Nf6 2. Nf3 e6 3. e3 d5 4. Bd3 c5 5. b3 Nc6 6. a3 a6 7. Bb2 b6 8. O-O Bb7 9. Nbd2 Bd6 10. Ne5 O-O 11. f4 b5 12. c4 bxc4 13. bxc4 cxd4 14. Nxc6 Bxc6 15. Bxd4 dxc4 16. Nxc4 Bc7 17. Qc2 Rc8 18. Rad1 Qe7 19. Ne5 Bxe5 20. fxe5 Nd7 21. Bxa6 Bb7 22. Qe2 Bxa6 23. Qxa6 Rfd8 24. Rc1 Ra8 25.
Qb7 Qg5 26. Qe4 Rxa3 27. Rc7 Qe7 28.
Qc6 Raa8 29. Rb1 Rab8 30. Rxb8 Nxb8 31.
Qb7 Qe8 32. h3 Nd7 33. Qc6 h6 34. Kh2 Nf8 35. Qb7 Ng6 36. Qf3 Rd7 37. Qc6 Rd8 38. Qb7 Rb8 39. Qf3 Nh4 40. Qe4 Nf5 41. Ba7 Rb2 42. Qc4 Qb5 43. Qxb5 Rxb5 44. Bd4 Rb3 45. e4 Nxd4 0-1

[Variant "Standard"]
[Site "Europe Echecs"]

[Event "Championnat du monde jeunes U12"]
[Date "2024.11.26"]
[White "Yang, Maxwell"]
[Black "Miransh Vyas"]
[WhiteElo "1889"]
[BlackElo "1705"]
[Round "11.41"]
[Result "0-1"]
[TimeControl "5400+30"]

1. d4 d5 2. c4 e6 3. Nc3 Nf6 4. cxd5 exd5 5. Bg5 c6 6. e3 Bd6 7. Bd3 O-O 8. Qc2 h6 9. Bh4 Re8 10. Nf3 Be6 11. Ne5 c5 12. O-O Nc6 13. Nxc6 bxc6 14. Bxf6 Qxf6 15. dxc5 Bxc5 16. Ne2 Bd6 17. Qxc6 Qe5 18. Ng3 Rec8 19. Qa6 h5 20. Rae1 Bd7 21. f4 Qe7 22. Qb7 h4 23. Nh5 Rab8 24. Qxd5 Rc5 25. Qf3 g6 26. f5 gxh5 27. Qxh5 Qf6 28. b3 Kf8 29. Bc4 Bb5 30. Qg4 Bxc4 31. bxc4 Rbc8 32. Rc1 Ke7 33. Qe4+ Re5 34. Qf3 Rc7 35. Kh1 Bc5 36. e4 Rd7 37. Rfd1 Rd4 38. Rxd4 Bxd4 39. Rd1 Bb6 40. Qa3+ Rc5 41. Qd3 Qc6 42. Rc1 Qd6 43. Qe3 Kd7 44. Qe2 Kc7 45. Rd1 Qe7 46. Qd3 f6 47. g3 hxg3 48. hxg3 Re5 49. Re1 Qd6 50. Qc3 Re8 51. Kg2 Qc5 52. Qb2 Re5 53. Qc2 Re8 54. Rd1 Qe5 55. Kf3 Rg8 56. Qh2 Qc3+ 57. Ke2 Qc2+ 58. Rd2 Qxe4+ 59. Kf1 Qxf5+ 60. Kg2 Qe4+ 61.
Kf1 Qf3+ 62. Ke1 Re8+ 63. Re2 Ba5+ 64.
Kd1 Qf1+ 0-1

[Variant "Standard"]
[Site "Europe Echecs"]

[Event "Championnat du monde jeunes U12"]
[Date "2024.11.26"]
[White "Fadeev, Justin Michael"]
[Black "Kraucenka, Justas"]
[WhiteElo "1878"]
[BlackElo "1650"]
[Round "11.42"]
[Result "1-0"]
[TimeControl "5400+30"]

1. e4 e6 2. d4 d5 3. Nd2 b6 4. Ngf3 Nf6 5. e5 Nfd7 6. Bd3 c5 7. c3 Ba6 8. Bxa6 Nxa6 9. O-O Be7 10. Re1 Nab8 11. Nf1 Nc6 12. h3 O-O 13. N3h2 cxd4 14. cxd4 f6 15. exf6 Rxf6 16. Nf3 h6 17. Ng3 Rg6 18. Qc2 Rxg3 19. fxg3 Rc8 20. Qg6 Bf6 21. Qg4 e5 22. dxe5 Ndxe5 23. Nxe5 Nxe5 24. Rxe5 Bxe5 25. Qe6+ Kh7 26. Qxe5 d4 27. Bf4 Rc2 28. Qe4+ Kh8 29. Qxc2 d3 30. Qd2 Qd4+ 31. Kh2 g5 32. Qc3 Qxc3 33. bxc3 gxf4 34. gxf4 d2 35. Rd1 Kg7 36. Rxd2 Kf6 37. g4 Ke6 38. f5+ Ke7 39. Rf2 a5 40. f6+ Kf7 41. h4 a4 42. g5 a3 43. g6+ Kf8 44. g7+ Kf7 45. Rg2 Kg8 46. f7+ Kxf7 47. g8=Q+ Kf6 48. Re2 Kf5 49. Qf8+ Kg6 50. Rg2+ Kh5 51. Qf5+ Kxh4 52. Qg4# 1-0

[Variant "Standard"]
[Site "Europe Echecs"]

[Event "Championnat du monde jeunes U12"]
[Date "2024.11.26"]
[White "Zhan, Jayden Zihan"]
[Black "Ivarlac, Vladislav"]
[WhiteElo "1670"]
[BlackElo "1867"]
[Round "11.43"]
[Result "0-1"]
[TimeControl "5400+30"]

1. e4 c6 2. d4 d5 3. e5 Bf5 4. Nf3 e6 5. Be2 Nd7 6. O-O a5 7. a4 f6 8. exf6 Ngxf6 9. Bf4 Be7 10. Bd3 Ne4 11. Ne5 Nxe5 12. Bxe5 Qb6 13. Kh1 O-O 14. Qe2 Qxb2 15. Nd2 Nxf2+ 16. Qxf2 Bxd3 17. Qg3 Bg6 18. Qg4 Rf5 19. Rfb1 Qxc2 20. Rxb7 Bf6 21. Nf3 Qe4 22. Qg3 Bxe5 23. dxe5 Qf4 24. Qxf4 Rxf4 25. Rc7 Rc4 26. Ng5 Re8 27. Ra7 Rc5 28. h3 d4 29. Nf3 Rd5 30. Rc7 Be4 31. Rxc6 Bxf3 32. gxf3 Rxe5 33. Rd6 Re3 34. Rxd4 Rxf3 35. Kg2 Rc3 36. Re1 Rc2+ 37. Kf3 Rf8+ 38. Kg3 Rc6 39. Rd7 h6 40. Ra7 Rf5 41. Rd1 Rg5+ 42. Kh2 Rc4 43. Re1 Rxa4 44. Rxe6 Ra2+ 45. Kh1 Rg3 46.
Re8+ Kh7 47. Re5 Rxh3+ 48. Kg1 Rg3+ 49.
Kh1 Rd3 50. Re1 a4 51. Ra6 a3 52. Ra5 Rc2 53. Ra1 Rcc3 54. Kg2 g5 55. Rh1 Rc2+ 0-1

[Variant "Standard"]
[Site "Europe Echecs"]

[Event "Championnat du monde jeunes U12"]
[Date "2024.11.26"]
[White "Vorobyov, Radmir"]
[Black "Leht, Karl Samuel"]
[WhiteElo "2017"]
[BlackElo "1701"]
[Round "11.44"]
[Result "1-0"]
[TimeControl "5400+30"]

1. d4 f5 2. Nf3 Nf6 3. g3 g6 4. Bg2 Bg7 5. O-O d6 6. c4 O-O 7. Nc3 c6 8. Bd2 Qe8 9. Qc1 e5 10. dxe5 dxe5 11. e4 Nxe4 12. Nxe4 fxe4 13. Ng5 Bf5 14. Nxe4 Bxe4 15. Bxe4 Rf7 16. b4 Nd7 17. Bc3 Nf6 18. Bg2 Rd8 19. Qb2 Qe6 20. Rad1 Rdf8 21. Bxe5 Qxc4 22. f4 Ng4 23. Bxg7 Rxg7 24. Rd4 Qb5 25. h3 Nf6 26. Rfd1 Re7 27. Rd6 Qf5 28. Qd4 Ne4 29. Re1 Nxd6 30. Rxe7 Qb1+ 31. Kh2 Nf5 32. Qc4+ Kh8 33. Qc3+ Kg8 34. Rxb7 Qd1 35. g4 Nd4 36. Qc4+ Kh8 37. Qc5 Re8 38. Re7 Rxe7 39. Qxe7 Kg8 40. Qe8+ Kg7 41. Qe5+ Kg8 42. Qb8+ Kg7 43. Qxa7+ Kf6 44. Qc5 Qd2 45. Qf8+ Ke6 46. Qe8+ Kd6 47. Qd8+ Ke6 48. Qc8+ Kd6 49. Qf8+ Ke6 50. Qe8+ Kd6 51. Qe4 Qf2 52. f5 gxf5 53. gxf5 Kd7 54. f6 Ne2 55. Qe7+ Kc8 56. Qe8+ Kc7 57. Qxc6+ Kd8 58. Qd5+ Kc8 59. Qc5+ 1-0

[Variant "Standard"]
[Site "Europe Echecs"]

[Event "Championnat du monde jeunes U12"]
[Date "2024.11.26"]
[White "Dos Santos, Leonardo Lopes"]
[Black "Park, Onyoo"]
[WhiteElo "1930"]
[BlackElo "1710"]
[Round "11.45"]
[Result "1/2-1/2"]
[TimeControl "5400+30"]

1. e4 e6 2. d3 d5 3. Nd2 c5 4. Ngf3 g6 5. g3 Bg7 6. c3 Nc6 7. Bg2 Nge7 8. O-O O-O 9. Nb3 b6 10. exd5 exd5 11. d4 c4 12. Nbd2 Be6 13. Re1 b5 14. Ne5 Nxe5 15. dxe5 Nc6 16. f4 Qb6+ 17. Kh1 Rad8 18. Nf3 Rfe8 19. Be3 Qb7 20. Nd4 a5 21. Qd2 Nxd4 22. Bxd4 Bf8 23. a3 b4 24. axb4 axb4 25. Ra7 bxc3 26. bxc3 Qb3 27. Rea1 Rb8 28. f5 Bxf5 29. Bxd5 Be6 30. Bxe6 Rxe6 31. Qf4 Rb7 32. Kg1 Rxa7 33. Rxa7 Qd1+ 34. Kg2 Qe2+ 35. Bf2 Re7 36. Rxe7 Bxe7 37. Qd4 Bg5 38. h3 Qd3 39. Qxd3 cxd3 40. Kf3 Kf8 41. Be3 d2 42. Bc5+ Ke8 43. Ke2 Kd7 44. c4 Ke6 45. Bd4 h5 46. Bc3 h4 47. g4 Bf4 48. Bxd2 Bg5 1/2-1/2

[Variant "Standard"]
[Site "Europe Echecs"]

[Event "Championnat du monde jeunes U12"]
[Date "2024.11.26"]
[White "Bundan, Edward"]
[Black "Teo, Hong Kai Javier"]
[WhiteElo "1905"]
[BlackElo "1675"]
[Round "11.46"]
[Result "0-1"]
[TimeControl "5400+30"]

1. e4 e6 2. d4 d5 3. Nd2 Nf6 4. e5 Nfd7 5. Bd3 c5 6. c3 Nc6 7. Ngf3 cxd4 8. cxd4 Qb6 9. O-O Nxd4 10. Nxd4 Qxd4 11. Nf3 Qb6 12. a3 a5 13. Qa4 Be7 14. Qg4 Kf8 15. h4 Qb3 16. Bb1 b6 17. Re1 h5 18. Qf4 Qc4 19. Nd4 Rh6 20. Qg3 Qxd4 21. Bxh6 gxh6 22. Qf3 Bxh4 23. g3 Nxe5 24. Qxh5 Bxg3 25. Qxh6+ Ke8 26. Qe3 Qxe3 27.
Rxe3 Bf4 28. Rh3 Bb7 29. Rh8+ Ke7 30.
Rxa8 Bxa8 31. Bc2 Bc6 32. b3 Kd6 33. Kf1 Bb5+ 34. Kg2 d4 35. Rd1 Bc6+ 36. Kf1 Kc5 37. a4 Bf3 38. Rb1 Kb4 39. Ke1 d3 40. Bd1 Bg2 41. Bh5 Kc3 42. Kd1 Bf3+ 43. Bxf3 Nxf3 44. Ra1 Kb2 0-1

[Variant "Standard"]
[Site "Europe Echecs"]

[Event "Championnat du monde jeunes U12"]
[Date "2024.11.26"]
[White "Belyaletdinov, Leonard"]
[Black "Mamarasulov, Husan"]
[WhiteElo "1903"]
[BlackElo "1407"]
[Round "11.47"]
[Result "1-0"]
[TimeControl "5400+30"]

1. e4 c5 2. Nf3 Nc6 3. Bb5 g6 4. O-O Bg7 5. c3 e5 6. d3 a6 7. Ba4 Nge7 8. Bg5 h6 9. Be3 d6 10. d4 b5 11. Bc2 cxd4 12. cxd4 Bg4 13. d5 Nd4 14. Bxd4 exd4 15. Nbd2 O-O 16. h3 Bxf3 17. Nxf3 Qb6 18. Qd3 Rac8 19. Rfe1 Rc7 20. Bb3 Rfc8 21. Rad1 Rc4 22. Qd2 d3 23. Qxd3 Bxb2 24. Bxc4 bxc4 25. Qc2 c3 26. e5 Rc5 27. e6 f5 28. Qa4 Qb5 29. Qh4 Nxd5 30. e7 Qe8 31. Rxd5 Ba3 32. Rxc5 dxc5 33. Qc4+ Kh7 34. Qd5 c2 35. Qd8 Qxd8 36. exd8=Q c4 37. Ne5 c3 38. Qd7+ Kh8 39. Nxg6+ Kg8 40. Re8+ Bf8 41. Kh2 c1=N 42. Kg3 f4+ 43. Kxf4 Ne2+ 44. Ke5 c2 45. Kf6 c1=Q 46. Qg7# 1-0

[Variant "Standard"]
[Site "Europe Echecs"]

[Event "Championnat du monde jeunes U12"]
[Date "2024.11.26"]
[White "Mintz, Nathan"]
[Black "Gazzato, Nicolo`"]
[WhiteElo "1633"]
[BlackElo "1868"]
[Round "11.48"]
[Result "0-1"]
[TimeControl "5400+30"]

1. c4 g6 2. Nc3 Bg7 3. d3 d6 4. g3 Nf6 5. Bg2 c6 6. e4 Nbd7 7. Nge2 O-O 8. O-O e5 9. Bg5 h6 10. Bxf6 Nxf6 11. h3 Nh7 12. Kh2 Be6 13. f4 f5 14. Rb1 a6 15. a4 Rf7 16. b4 Nf8 17. b5 exf4 18. gxf4 axb5 19. axb5 Ra3 20. Rb3 Rxb3 21. Qxb3 Qb6 22. Qa4 cxb5 23. Qxb5 Qe3 24. Qb1 fxe4 25. Bxe4 Qxh3+ 26. Kg1 Qe3+ 27. Kh1 Qh3+ 28. Kg1 Qg4+ 29. Kh1 Qh4+ 30. Kg1 Kh8 31. Qe1 Qg4+ 32. Bg2 Re7 33. Rf3 Bf7 34. Rg3 Qh5 35. Rh3 Qc5+ 36. Kh1 Qa5 37. Qh4 Re8 38. Qe1 Be6 39. Re3 Qh5+ 40. Kg1 Bd7 41. Rxe8 Bxe8 42. Bxb7 Qc5+ 43. Qf2 Qc7 44. Bg2 Qe7 45. Nd5 Qf7 46. Nd4 Qa7 47. Nb5 Qb8 48. Nbc7 Bf7 49. Kh2 Nd7 50. Qh4 Nf8 51. Qe7 Bxd5 52. Nxd5 Qb2 53. Qxd6 g5 54. Qb6 Qxb6 55. Nxb6 Bd4 56. Nd5 gxf4 57. Kh3 Ne6 58. Kg4 Kg7 59. Be4 Be3 60. Bf5 Nd4 61. Nxf4 Nc6 62. Nd5 Bc5 63. Nc7 Kf6 64. Bc8 Ne5+ 65. Kg3 Nxd3 66. Ba6 Bd6+ 67. Kh4 Bxc7 68. Kh5 Kg7 69. Bb5 Nf4+ 70. Kg4 Ne6 71. Kh5 Bf4 72. Kg4 Bg5 73. Kh5 Nc5 74. Kg4 Kf6 75. Kh5 Ke5 76. Kg4 Ke4 77. Kh5 Kf4 78. Bc6 Kf5 79. Bd5 Nd3 80. Be6+ Kxe6 81. Kg4 Nb2 82. c5 Nd3 83. c6 Ne5+ 84. Kh5 Nxc6 85. Kg4 Ke5 86. Kh5 Kf4 87. Kg6 Kg4 88. Kf7 Ne5+ 89. Ke6 Nf3 90. Kd5 h5 91. Kc4 h4 92. Kd3 h3 93. Ke2 h2 94. Kf2 h1=Q 95. Ke2 Qg2+ 96. Kd3 Qd2+ 97. Kc4 Qd4+ 98. Kb5 Bd8 99. Kc6 Ne5+ 100. Kb7 Qd5+ 101. Kc8 Qa8# 0-1

[Variant "Standard"]
[Site "Europe Echecs"]